 Dungeon Crawl Stone Soup version 0.22.1-1-ga44c0e56f4 (webtiles) character file.

574 Gargoyl the Skirmisher (level 7, -2/58 HPs)
             Began as a Centaur Abyssal Knight on Oct 30, 2018.
             Was a Believer of Lugonu.
             Slain by a bullfrog zombie (5 damage)
             ... on level 7 of the Dungeon.
             The game lasted 00:05:54 (4568 turns).

Gargoyl the Skirmisher (Centaur Abyssal Knight)     Turns: 4568, Time: 00:05:54

Health: -2/58      AC:  8    Str: 17    XL:     7   Next: 12%
Magic:  9/9        EV:  9    Int: 11    God:    Lugonu [**....]
Gold:   137        SH:  0    Dex: 10    Spells: 6/6 levels left

rFire    . . .     SeeInvis .   p - +1 hand axe (freeze)
rCold    . . .     Gourm    .   (no shield)
rNeg     . . .     Faith    .   h - +0 ring mail
rPois    .         Spirit   .   (no helmet)
rElec    .         Reflect  .   e - +0 cloak
rCorr    .         Harm     .   m - +0 pair of gloves
MR       .....                  (no barding)
Stlth    ..........             (no amulet)
HPRegen  0.19/turn              (no ring)
MPRegen  0.11/turn              g - +2 ring of strength

@: lethally poisoned (-2 -> -4), very quick
A: large, hooves 3, deformed body, speed 2, tough skin 3
a: Depart the Abyss, Bend Space, Renounce Religion


You were on level 7 of the Dungeon.
You worshipped Lugonu.
Lugonu was pleased with you.
You were hungry.

You visited 1 branch of the dungeon, and saw 5 of its levels.
You visited the Abyss 1 time.

You collected 137 gold pieces.

Inventory:

Hand Weapons
 a - a +2 hand axe
 p - a +1 hand axe of freezing (weapon)
Armour
 e - a +0 cloak (worn)
 h - a +0 ring mail (worn)
 m - a +0 pair of gloves (worn)
Jewellery
 g - a +2 ring of strength (right hand)
Wands
 d - a wand of flame (34)
 o - a wand of scattershot (4)
Scrolls
 f - a scroll of teleportation
 i - 2 scrolls of identify
 n - 4 scrolls of remove curse
Potions
 b - 2 potions of curing
 j - a potion of magic
Comestibles
 c - 7 rations


   Skills:
 + Level 3.9 Fighting
 + Level 3.6 Axes
 * Level 3.9 Armour
 + Level 1.6 Dodging
 * Level 3.8 Invocations


You had 6 spell levels left.
You didn't know any spells.
Your spell library was empty.

Dungeon Overview and Level Annotations

Branches:
Dungeon (4/15)
 Temple: D:4-7

Altars:
Cheibriados
Uskayaw
Xom

Shops:
D:7 =


Innate Abilities, Weirdness & Mutations

You have hooves in place of feet.
Armour fits poorly on your strangely shaped body.
You cover ground very quickly.
You have extremely tough skin. (AC +3)


Message History

You feel sick.
You feel sick.
You feel sick.
You feel sick.
The bullfrog zombie hits you but does no damage.
You hit the bullfrog zombie. You kick the bullfrog zombie!
The bullfrog zombie is heavily damaged.
The bullfrog zombie hits you but does no damage.
The bullfrog zombie hits you.
* * * LOW HITPOINT WARNING * * *
You barely miss the bullfrog zombie.
The bullfrog zombie is heavily damaged.
You feel sick.
The bullfrog zombie hits you but does no damage.
You barely miss the bullfrog zombie.
The bullfrog zombie is heavily damaged.
The bullfrog zombie hits you.
* * * LOW HITPOINT WARNING * * *
The bullfrog zombie hits you.
You die...

..# #.... # .... ...# #
h#.### ###...####..# .
...... #.$.....#...#
.### #.... #.......#...#
... #####
#.......Z..#####.#
#.....$.....y....#####
.##..........####.......
...........#...Z@.######
#......h.########
#........# #........#
### ........##.# #(.
......!.##.# #(#
........##.# .. #)#
.##.o.### .# ....###(#
#... ........#


You could see a bullfrog zombie.

Vanquished Creatures
  A black bear (D:7)
  A big kobold (D:7)
  2 killer bees (D:7)
  2 worker ants (D:7)
  9 gnolls
  11 adders
  A shadow imp (D:7)
  2 oozes
  2 worms
  2 bats
  3 giant cockroaches
  6 goblins
  7 hobgoblins
  7 jackals (D:1)
  10 kobolds
  4 quokkas
  4 ball pythons
  A frilled lizard (D:1)
  6 rats
81 creatures vanquished.

Notes
Turn   | Place    | Note
-------+----------+-------------------------------------------
     0 | Abyss:1  | Gargoyl the Centaur Abyssal Knight began the quest for the
                  | Orb.
     0 | Abyss:1  | Reached XP level 1. HP: 19/19 MP: 2/2
    87 | Abyss:2  | Noticed a lich
    96 | Abyss:3  | Noticed a guardian serpent
   108 | D:1      | Escaped the Abyss
   274 | D:1      | Reached XP level 2. HP: 20/26 MP: 3/3
   592 | D:1      | Reached * piety under Lugonu
   651 | D:1      | Reached XP level 3. HP: 27/31 MP: 4/4
  1015 | D:2      | Found a snail-covered altar of Cheibriados.
  1230 | D:2      | Reached XP level 4. HP: 19/38 MP: 5/5
  1278 | D:2      | Reached skill level 1 in Dodging
  1899 | D:1      | Reached XP level 5. HP: 44/45 MP: 7/7
  2176 | D:2      | Found a shimmering altar of Xom.
  2811 | D:3      | Reached ** piety under Lugonu
  2825 | D:3      | Found a hide-covered altar of Uskayaw.
  3901 | D:4      | You fall through a shaft for 3 floors!
  3921 | D:7      | Reached XP level 6. HP: 23/52 MP: 8/8
  4137 | D:7      | Found Uroh Kem's Jewellery Emporium.
  4380 | D:7      | Reached XP level 7. HP: 27/58 MP: 9/9
  4568 | D:7      | Slain by a bullfrog zombie

Skill      XL: |  1  2  3  4  5 |
---------------+----------------+-----
Armour         | 2 3 |  3.9
Axes           | 2 3 |  3.6
Dodging        | 1 |  1.6
Invocations    | 3 |  3.8
Fighting       | |  3.9

Action                   |  1- 3 |  4- 6 |  7- 9 || total
-------------------------+-------+-------+-------++-------
Melee: Hand axe          |    97 |   200 |    12 ||   309
       Kick              |    14 |    45 |     2 ||    61
Invok: Depart the Abyss  |     1 |       |       ||     1
       Bend Space        |       |     1 |       ||     1
  Use: Scroll            |     4 |     7 |     1 ||    12
       Potion            |     2 |     1 |       ||     3
  Eat: Chunk             |       |     9 |       ||     9
Armor: Ring mail         |    72 |   102 |    14 ||   188
Dodge: Dodged            |    62 |    99 |     8 ||   169
